 Dungeon Crawl Stone Soup version 0.29-a0-25-g7f48f510a0 (webtiles) character file.

Game seed: 4138700443641043965

541 oldriver the Skirmisher (level 7, -6/66 HPs)
             Began as a Hill Orc Gladiator on Feb 1, 2022.
             Was an Initiate of Beogh.
             Mangled by a water moccasin (7 damage)
             ... on level 5 of the Dungeon.
             The game lasted 00:09:18 (5142 turns).

oldriver the Skirmisher (Hill Orc Gladiator)        Turns: 5142, Time: 00:09:20

Health: -6/66      AC:  9    Str: 18 (19) XL:     7   Next: 26%
Magic:  7/7        EV: 10    Int:  5 (8)  God:    Beogh [......]
Gold:   140        SH:  0    Dex:  9 (12) Spells: 6/6 levels left

rFire   . . .      SeeInvis .   u - +0 hand axe (vamp)
rCold   + . .      Faith    .   (no shield)
rNeg    . . .      Spirit   .   o - +0 scale mail
rPois   .          Reflect  .   c - +0 helmet
rElec   .          Harm     .   (no cloak)
rCorr   .          Rampage  .   (no gloves)
Will    .....                   n - +0 pair of boots
Stlth   ..........              w - amulet of regeneration
HPRegen 0.21/turn               s - ring of protection from cold
MPRegen 0.10/turn               (no ring)

@: mighty, lethally poisoned (-6 -> -15)
A: no striking features
a: Renounce Religion


You were on level 5 of the Dungeon.
You worshipped Beogh.
Beogh was noncommittal.
You visited 1 branch of the dungeon, and saw 5 of its levels.

You collected 140 gold pieces.

Inventory:

Hand Weapons
 a - a +0 trident
 u - a +0 vampiric hand axe (weapon)
Missiles
 b - 3 boomerangs
 d - a throwing net
 f - 141 stones (quivered)
Armour
 c - a +0 helmet (worn)
 n - a +0 pair of boots (worn)
 o - a +0 scale mail (worn)
Jewellery
 l - an amulet of guardian spirit
 s - a ring of protection from cold (left hand)
 w - an amulet of regeneration (around neck)
Wands
 p - a wand of iceblast (5)
Scrolls
 g - 2 scrolls of teleportation {unknown}
 h - a scroll of fog {unknown}
 i - a scroll of vulnerability {unknown}
 m - a scroll of blinking {unknown}
 r - a scroll of identify {unknown}
 v - a scroll of holy word {unknown}
Potions
 q - a potion of flight {unknown}
 t - a potion of lignification {unknown}


   Skills:
 + Level 7.0 Fighting
 + Level 2.7(4.2) Axes
 - Level 4.0(4.3) Polearms
 - Level 3.0 Throwing
 - Level 3.0 Armour
 - Level 2.4 Dodging


You had 6 spell levels left.
You didn't know any spells.
Your spell library contained the following spells:

 Spells                   Type           Power      Damage    Failure   Level
 Sublimation of Blood     Necr           0%         N/A       94%         2
 Wereblood                Tmut           0%         N/A       94%         2
 Summon Hydra             Summ           0%         N/A       100%        7


Dungeon Overview and Level Annotations

Branches:
Dungeon (5/15)
 Temple: D:4-7

Altars:
Okawaru
Vehumet

Shops:
D:2 !

Annotations:
D:4 Blork the orc


Message History

You hear the brisk rusting of a distant drain.
The water moccasin bites you!
You miss the water moccasin.
The water moccasin is heavily wounded.
The water moccasin bites you.
* * * LOW HITPOINT WARNING * * *
You are poisoned.
The water moccasin poisons you! The water moccasin bites you.
* * * LOW HITPOINT WARNING * * *
You hit the water moccasin.
You feel better.
The water moccasin is severely wounded.
You feel sick.
The water moccasin bites you but does no damage.
You hit the water moccasin but do no damage.
The water moccasin is severely wounded.
You feel sick. The water moccasin closely misses you.
You barely miss the water moccasin.
The water moccasin is severely wounded.
You feel sick. The water moccasin barely misses you.
The water moccasin bites you.
* * * LOW HITPOINT WARNING * * *
Unknown command.
You completely miss the water moccasin.
The water moccasin is severely wounded.
You feel sick. The water moccasin bites you.
* * * LOW HITPOINT WARNING * * *
You are lethally poisoned!
The water moccasin poisons you!
It was a potion of might.
You feel very mighty all of a sudden.
* * * LOW HITPOINT WARNING * * *
You feel very sick. The water moccasin barely misses you.
The water moccasin misses you.
It was a potion of degeneration.
There was something very wrong with that liquid.
You feel weakened.
You feel dopey.
You feel clumsy.
* * * LOW HITPOINT WARNING * * *
You feel very sick. The water moccasin bites you!
You die...

..# .. ##...## .#
##.....## ##.##
##.......##
######...####......!..###
...o........+.........'.
######...####.........#
#..## #.$S....# #.##
#.@...# #.# ##...##
####.##### ##'##
#....o...# #.#
#.##.###.######.########
#.##.###..)......).....#
#.##.. ......#...#####.
#.######..##......##.#
#.........##.#...##o# .#


You could see a water moccasin.

Vanquished Creatures
  A scorpion (D:5)
  A howler monkey (D:4)
  2 bullfrog skeletons (D:5)
  Ijyb (D:3)
  3 orc wizards (D:3)
  A howler monkey zombie (D:5)
  Robin (D:3)
  A howler monkey skeleton (D:5)
  3 adders
  4 gnolls
  A shadow imp (D:5)
  3 worms (D:2)
  2 dart slugs (D:1)
  9 orcs
  4 endoplasms
  6 giant cockroaches
  11 goblins
  6 hobgoblins
  7 jackals
  4 kobolds
  4 quokkas
  9 ball pythons
  7 bats
  4 frilled lizards
  4 rats (D:3)
99 creatures vanquished.

Vanquished Creatures (collateral kills)
  A bullfrog zombie (D:5)
  2 orcs (D:5)
3 creatures vanquished.

Vanquished Creatures (others)
  A phantom (D:5)
  An orc (D:5)
2 creatures vanquished.

Grand Total: 104 creatures vanquished

Notes
Turn   | Place    | Note
-------+----------+-------------------------------------------
     0 | D:1      | oldriver the Hill Orc Gladiator began the quest for the
                  | Orb.
     0 | D:1      | Reached XP level 1. HP: 18/18 MP: 1/1
   114 | D:1      | Found a faded altar of an unknown god.
   185 | D:1      | Reached XP level 2. HP: 25/25 MP: 2/2
   350 | D:1      | Reached skill level 3 in Fighting
   588 | D:2      | Reached XP level 3. HP: 3/31 MP: 3/3
   588 | D:2      | HP: 1/31 [endoplasm (1)]
  1391 | D:2      | Reached XP level 4. HP: 40/40 MP: 4/4
  1405 | D:1      | Reached skill level 4 in Fighting
  2218 | D:2      | Found an iron altar of Okawaru.
  2424 | D:2      | Found Maef's Distillery.
  2645 | D:2      | Reached skill level 5 in Fighting
  3046 | D:2      | Reached XP level 5. HP: 30/48 MP: 1/5
  3172 | D:3      | Noticed Robin
  3529 | D:3      | Noticed Ijyb
  3852 | D:3      | Reached skill level 1 in Armour
  4041 | D:3      | Killed Ijyb
  4042 | D:3      | Reached skill level 6 in Fighting
  4042 | D:3      | Reached XP level 6. HP: 53/57 MP: 4/6
  4281 | D:3      | Killed Robin
  4670 | D:4      | Found a radiant altar of Vehumet.
  4880 | D:4      | Noticed Blork the orc
  4893 | D:5      | Entered Level 5 of the Dungeon
  4894 | D:5      | Became a worshipper of Beogh the Brigand
  5012 | D:5      | Reached skill level 1 in Axes
  5078 | D:5      | Reached XP level 7. HP: 55/64 MP: 7/7
  5121 | D:5      | Reached skill level 7 in Fighting
  5142 | D:5      | HP: 1/66 [poisoned by a water moccasin]
  5142 | D:5      | Mangled by a water moccasin

Illustrated notes

Levels and vault maps discovered:
D:1:      heliophobic_arrival_enchanted_forest, layout_basic,
          basic_ecumenical_altar, serial_park_tiny_1, nicolae_figureground_pulse
D:2:      layout_rooms, basic_altar, serial_shops, nicolae_lakefront_shop
D:3:      layout_basic, serial_glass, glass_columns_c, glass_columns_b,
          glass_columns_a, glass_columns_a, glass_columns_a, glass_columns_b,
          glass_columns_b, glass_columns_a, glass_columns_b, glass_columns_a,
          uniq_robin, uniq_ijyb
D:4:      layout_basic, mainiacjoe_overflow_boulevard, nicolae_vehumet_radiance,
          minmay_temple_entry_antechambers, gammafunk_ghost_cemetery,
          chequers_serial_rivers_large_a, uniq_natasha, uniq_blork_the_orc
D:5:      layout_loops_corners, gup_ossuary_entry_pyramid,
          gup_sewer_entry_bubbles, kennysheep_big_empty_room

Skill      XL: |  1  2  3  4  5  6  7 |
---------------+----------------------+-----
Throwing       | 2 3 |  3.0
Fighting       | 3 5 6 7 |  7.0
Armour         | 1 2 3 |  3.0
Polearms       | 4 |  4.0
Axes           | 1 2 |  2.7
Dodging        | |  2.4

Action                   |  1- 3 |  4- 6 |  7- 9 || total
-------------------------+-------+-------+-------++-------
Melee: Trident           |    83 |   262 |       ||   345
       Punch             |       |     2 |     1 ||     3
       Hand axe          |       |    53 |    35 ||    88
Throw: Stone             |    24 |    53 |       ||    77
       Throwing net      |       |     3 |       ||     3
       Boomerang         |       |     2 |       ||     2
Invok: Convert to Beogh  |       |     1 |       ||     1
  Use: Scroll            |       |     1 |       ||     1
       Potion            |       |       |     4 ||     4
 Stab: Distracted        |       |       |     1 ||     1
Armor: Leather armour    |    19 |    58 |       ||    77
       Scale mail        |       |    70 |    12 ||    82
Dodge: Dodged            |    55 |   176 |    21 ||   252

Table legend: (Time is in decaauts)
 A = Elapsed time spent in this place.
 B = Non-inter-level travel time spent in this place.
 C = Inter-level travel time spent in this place.
 D = Time resting spent in this place.
 E = Time spent auto-exploring this place.
 F = Levels seen in this place.
 G = Mean time per level.
                   A        B        C        D        E       F      G
               +--------+--------+--------+--------+--------+-----+--------+
         Total |   5202 |   5026 |    176 |   1914 |   1731 |   5 | 1040.4 |
       Dungeon |   5202 |   5026 |    176 |   1914 |   1731 |   5 | 1040.4 |
               +--------+--------+--------+--------+--------+-----+--------+

Top non-repeatable levels by time:
     D:2: 2221 daAuts
     D:3: 1253 daAuts
     D:1: 1182 daAuts
     D:4: 285 daAuts
     D:5: 259 daAuts
